Blackdemons vs Gangsters
Created - 25 novembre 2013 at 19:02
Goals
|
| Blackdemons |
1 |
1 |
3 |
0 |
0 |
5 |
| Gangsters |
0 |
4 |
1 |
0 |
1 |
6 |
|
Shots
|
| Blackdemons |
13 |
13 |
6 |
0 |
7 |
32 |
| Gangsters |
13 |
17 |
12 |
1 |
7 |
43 |
|
1st period
1. Blackdemons , Enver Lisin 8 (Michael Kostka) at 8:46 (PP)
Penalties :
Brock Bradford (Bro) for Tripping (Minor) at 5:24, Alexandre Bolduc (Bro) for Holding (Minor) at 8:15, Alexandre Bolduc (Bro) for Hooking (Minor) at 9:34, Sam Gagner (MJM) for Roughing (Minor) at 17:07, Antoine Roussel (MJM) for High sticking (Minor) at 18:17
2nd period
2. Gangsters , Nick Foligno 4 (Alexei Emelin) at 6:53
3. Gangsters , Chris Bourque 14 (Ryan Jones, Artem Anisimov) at 7:35
4. Gangsters , Alexandre Bolduc 5 (Igor Radulov) at 7:50 (PP)
5. Blackdemons , Enver Lisin 9 (Sam Gagner) at 8:46
6. Gangsters , Igor Radulov 19 (Ryan Keller, Alexei Emelin) at 11:55
Penalties :
Shawn Matthias (MJM) for Goalie Interference (Minor) at 7:44, Curtis Glencross (MJM) for High sticking (Double Minor) at 18:40
3rd period
7. Blackdemons , Sam Gagner 9 (Enver Lisin) at 5:42
8. Blackdemons , Curtis Glencross 3 (Tomas Kopecky, Peter Harrold) at 16:46
9. Blackdemons , Jakub Kindl 1 (Michael Kostka) at 17:49
10. Gangsters , Ville Koistinen 1 (Chris Bourque, Ryan Jones) at 18:51 (PP)
Penalties :
Ville Koistinen (Bro) for Interference (Minor) at 9:52, Jakub Kindl (MJM) for Tripping (Minor) at 9:52, Mike Duco (MJM) for High sticking (Minor) at 18:21
Overtime #1
No Goal
Penalties :
No Penalty
Shootout
Penalty Shot by Enver Lisin for Blackdemons - Shot Misses the Net
Penalty Shot by Igor Radulov for Gangsters - Stopped by Kevin Weekes
Penalty Shot by Curtis Glencross for Blackdemons - Stopped by David LeNeveu
Penalty Shot by Ryan Keller for Gangsters - Shot Misses the Net
Penalty Shot by Tomas Kopecky for Blackdemons - Stopped by David LeNeveu
Penalty Shot by Chris Bourque for Gangsters - Stopped by Kevin Weekes
Penalty Shot by Shawn Matthias for Blackdemons - Shot Misses the Net
Penalty Shot by Ryan Jones for Gangsters - Stopped by Kevin Weekes
Penalty Shot by Antoine Roussel for Blackdemons - Stopped by David LeNeveu
Penalty Shot by Alexandre Bolduc for Gangsters - Stopped by Kevin Weekes
Penalty Shot by Shawn Belle for Blackdemons - Stopped by David LeNeveu
Penalty Shot by Cory Murphy for Gangsters - Stopped by Kevin Weekes
Penalty Shot by Jakub Kindl for Blackdemons - Stopped by David LeNeveu
Penalty Shot by Nick Foligno for Gangsters - Goal!
Penalties :
No Penalty
Goalie Stats
Kevin Weekes (MJM), 38 saves from 43 shots - (0,884), OTL, 7-0-1, 65:00 minutes
David LeNeveu (Bro), 27 saves from 32 shots - (0,844), W, 6-4-0, 65:00 minutes
Players Stats for Blackdemons
Player Name G A P +/- PIM S H SB GA TA FO MP PP MP PK MP
------------------------------------------------------------------------------------
Andrew MacDonald 0 0 0 0 0 0 1 7 2 1 0/0 20:38 2:43 0:10
Antoine Roussel 0 0 0 1 2 5 2 0 1 1 3/3 21:48 2:10 0:47
Curtis Glencross 1 0 1 1 4 2 0 2 1 0 2/6 19:35 2:02 2:20
Enver Lisin 2 1 3 1 0 3 2 0 1 0 3/4 21:12 1:49 0:35
Frazer Mclaren 0 0 0 0 0 0 1 0 0 0 0/0 9:29 0:00 1:46
Jakub Kindl 1 0 1 2 2 3 2 1 2 0 0/0 19:50 0:00 2:49
Marc-André Cliche 0 0 0 -1 0 2 2 0 0 0 5/8 12:49 0:20 0:42
Matt Calvert 0 0 0 0 0 3 0 0 0 1 0/0 7:22 0:30 0:00
Matt Hunwick 0 0 0 -1 0 2 1 1 0 0 0/0 26:14 1:46 4:45
Michael Kostka 0 2 2 1 0 3 0 4 0 1 0/0 23:59 2:43 2:49
Mike Duco 0 0 0 -1 2 1 0 0 0 0 0/1 11:24 0:05 0:00
Peter Harrold 0 1 1 1 0 1 0 1 0 0 0/0 15:20 0:00 0:10
Sam Gagner 1 1 2 1 2 1 2 0 0 0 13/31 21:21 2:10 1:50
Shawn Belle 0 0 0 -1 0 0 0 0 1 2 0/0 24:05 1:46 4:45
Shawn Matthias 0 0 0 1 2 0 1 0 0 0 7/18 16:33 2:02 2:25
Steven Zalewski 0 0 0 0 0 1 0 0 0 1 4/6 6:38 0:00 0:00
Tomas Kopecky 0 1 1 1 0 1 2 0 1 3 1/1 19:59 2:19 4:13
Zach Boychuk 0 0 0 -1 0 4 0 1 0 0 1/1 11:06 0:00 0:00
Players Stats for Gangsters
Player Name G A P +/- PIM S H SB GA TA FO MP PP MP PK MP
------------------------------------------------------------------------------------
Alexandre Bolduc 1 0 1 -2 4 3 2 0 2 0 14/27 19:46 4:01 0:24
Alexei Emelin 0 2 2 2 0 3 2 1 0 0 0/0 23:04 2:56 2:04
Artem Anisimov 0 1 1 0 0 0 0 0 0 0 7/15 15:20 3:18 0:00
Ben Holmstrom 0 0 0 0 0 0 0 0 0 0 0/0 6:33 0:00 0:00
Brock Bradford 0 0 0 1 2 1 2 1 0 1 8/13 13:06 0:08 0:21
Bryan Young 0 0 0 -1 0 1 0 3 0 0 0/0 10:52 0:00 0:00
Chris Bourque 1 1 2 0 0 2 2 0 1 0 0/2 19:01 3:18 1:53
Cory Murphy 0 0 0 -2 0 5 0 0 2 2 0/0 31:01 4:52 2:25
Igor Radulov 1 1 2 -2 0 5 0 0 1 1 4/10 25:04 4:01 2:14
Maxime Sauvé 0 0 0 0 0 2 1 0 1 0 1/5 6:33 0:00 0:00
Mikko Lehtonen 0 0 0 1 0 0 0 0 0 0 0/1 13:27 0:25 0:00
Nick Foligno 1 0 1 1 0 3 1 0 1 0 1/1 13:59 0:25 0:24
Phil McRae 0 0 0 0 0 1 1 0 0 0 0/0 6:33 0:00 0:00
Ryan Jones 0 2 2 0 0 4 3 0 0 2 1/1 18:38 3:18 1:30
Ryan Keller 0 1 1 -2 0 7 1 1 1 0 4/4 25:05 4:01 2:12
Shaun Heska 0 0 0 -1 0 1 0 1 0 0 0/0 12:31 0:13 0:00
Staffan Kronwall 0 0 0 -2 0 2 1 0 1 2 0/0 31:01 4:52 2:25
Ville Koistinen 1 0 1 2 2 3 1 0 0 1 0/0 21:54 2:52 2:04
3 Stars
1 - Enver Lisin (MJM)
2 - Alexei Emelin (Bro)
3 - Chris Bourque (Bro)
Power Play
Blackdemons - 1 on 3 Attempt(s) - 33,33%
Gangsters - 2 on 6 Attempt(s) - 33,33%
Penalty Kill
Blackdemons - 4 on 6 Attempt(s) - 66,67%
- Score 0 goal in Penalty Kill
Gangsters - 2 on 3 Attempt(s) - 66,67%
- Score 0 goal in Penalty Kill
Official
Referees : Devorski Paul and VanMassenhoven Don
Linesman : Mark Wheler and Brian Mach
Game Notes
No Game Note
Finance
Level 1 -- Attendance: 1620 (81,00%) -- Ticket Income 56 700 $
Level 2 -- Attendance: 765 (76,50%) -- Ticket Income 11 475 $
Total Attendance: 2385 (79,50%)
Total Ticket Income: 68 175 $
Other Income: 3 409 $
Total Income: 71 584 $
Blackdemons
5 vs 5 Forward
Center Left Wing Right Wing Time % Phy DF OF
1 Sam Gagner Antoine Roussel Enver Lisin 40 1 1 3
2 Shawn Matthias Curtis Glencross Tomas Kopecky 32 2 2 1
3 Marc-André Cliche Zach Boychuk Mike Duco 18 0 4 1
4 Steven Zalewski Matt Calvert Frazer Mclaren 10 1 4 0
5 vs 5 Defense
Defense Defense Time % Phy DF OF
1 Michael Kostka Jakub Kindl 35 1 3 1
2 Matt Hunwick Shawn Belle 30 1 3 1
3 Peter Harrold Andrew MacDonald 25 0 4 1
4 Michael Kostka Andrew MacDonald 10 1 1 3
PowerPlay Forward
Center Left Wing Right Wing Time % Phy DF OF
1 Sam Gagner Antoine Roussel Tomas Kopecky 55 1 1 3
2 Shawn Matthias Curtis Glencross Enver Lisin 45 1 1 3
PowerPlay Defense
Defense Defense Time % Phy DF OF
1 Michael Kostka Andrew MacDonald 60 0 1 4
2 Matt Hunwick Shawn Belle 40 0 1 4
Penalty Kill 4 Players Forward
Center Wing Time % Phy DF OF
1 Curtis Glencross Tomas Kopecky 60 1 4 0
2 Antoine Roussel Enver Lisin 40 0 4 1
Penalty Kill 4 Players Defense
Defense Defense Time % Phy DF OF
1 Matt Hunwick Shawn Belle 60 1 4 0
2 Michael Kostka Jakub Kindl 40 1 4 0
Penalty Kill - 3 Players Forward
Forward Time % Phy DF OF
1 Tomas Kopecky 60 1 4 0
2 Curtis Glencross 40 1 4 0
Penalty Kill - 3 Players Defense
Defense Defense Time % Phy DF OF
1 Matt Hunwick Shawn Belle 60 0 5 0
2 Michael Kostka Jakub Kindl 40 1 4 0
4 vs 4 Forward
Center Wing Time % Phy DF OF
1 Enver Lisin Antoine Roussel 60 0 2 3
2 Curtis Glencross Tomas Kopecky 40 1 3 1
4 vs 4 Defense
Defense Defense Time % Phy DF OF
1 Peter Harrold Andrew MacDonald 60 0 3 2
2 Matt Hunwick Jakub Kindl 40 1 3 1
Last Minutes Offensive
Center Left Wing Right Wing Defense Defense
Sam Gagner Antoine Roussel Steven Zalewski Michael Kostka Shawn Belle
Last Minutes Defensive
Center Left Wing Right Wing Defense Defense
Shawn Matthias Curtis Glencross Tomas Kopecky Michael Kostka Shawn Belle
Goaltenders
Starting : Kevin Weekes
Backup : Marc Denis
Extra Forwards
Normal : Antoine Roussel, Enver Lisin, Sam Gagner - PP : Matt Calvert, Marc-André Cliche - PK : Shawn Matthias
Extra Defensemen
Normal : Michael Kostka, Jakub Kindl, Shawn Belle - PP : Peter Harrold - PK : Peter Harrold, Andrew MacDonald
Penalty Shots
Enver Lisin, Curtis Glencross, Tomas Kopecky, Shawn Matthias, Antoine Roussel
Gangsters
5 vs 5 Forward
Center Left Wing Right Wing Time % Phy DF OF
1 Alexandre Bolduc Igor Radulov Ryan Keller 40 1 2 2
2 Artem Anisimov Chris Bourque Ryan Jones 30 1 2 2
3 Brock Bradford Nick Foligno Mikko Lehtonen 20 1 2 2
4 Maxime Sauvé Ben Holmstrom Phil McRae 10 1 2 2
5 vs 5 Defense
Defense Defense Time % Phy DF OF
1 Staffan Kronwall Cory Murphy 40 1 2 2
2 Alexei Emelin Ville Koistinen 30 1 2 2
3 Shaun Heska Bryan Young 20 1 2 2
4 Staffan Kronwall Cory Murphy 10 1 2 2
PowerPlay Forward
Center Left Wing Right Wing Time % Phy DF OF
1 Alexandre Bolduc Igor Radulov Ryan Keller 60 1 2 2
2 Artem Anisimov Chris Bourque Ryan Jones 40 1 2 2
PowerPlay Defense
Defense Defense Time % Phy DF OF
1 Staffan Kronwall Cory Murphy 60 1 2 2
2 Alexei Emelin Ville Koistinen 40 1 2 2
Penalty Kill 4 Players Forward
Center Wing Time % Phy DF OF
1 Igor Radulov Ryan Keller 60 1 2 2
2 Chris Bourque Ryan Jones 40 1 2 2
Penalty Kill 4 Players Defense
Defense Defense Time % Phy DF OF
1 Staffan Kronwall Cory Murphy 60 1 2 2
2 Alexei Emelin Ville Koistinen 40 1 2 2
Penalty Kill - 3 Players Forward
Forward Time % Phy DF OF
1 Igor Radulov 60 1 2 2
2 Ryan Keller 40 1 2 2
Penalty Kill - 3 Players Defense
Defense Defense Time % Phy DF OF
1 Staffan Kronwall Cory Murphy 60 1 2 2
2 Alexei Emelin Ville Koistinen 40 1 2 2
4 vs 4 Forward
Center Wing Time % Phy DF OF
1 Igor Radulov Ryan Keller 60 1 2 2
2 Chris Bourque Ryan Jones 40 1 2 2
4 vs 4 Defense
Defense Defense Time % Phy DF OF
1 Staffan Kronwall Cory Murphy 60 1 2 2
2 Alexei Emelin Ville Koistinen 40 1 2 2
Last Minutes Offensive
Center Left Wing Right Wing Defense Defense
Alexandre Bolduc Igor Radulov Ryan Keller Staffan Kronwall Cory Murphy
Last Minutes Defensive
Center Left Wing Right Wing Defense Defense
Alexandre Bolduc Igor Radulov Ryan Keller Staffan Kronwall Cory Murphy
Goaltenders
Starting : David LeNeveu
Backup : Dustin Tokarski
Extra Forwards
Normal : Nick Foligno, Mikko Lehtonen, Brock Bradford - PP : Nick Foligno, Mikko Lehtonen - PK : Brock Bradford
Extra Defensemen
Normal : Shaun Heska, Bryan Young, Alexei Emelin - PP : Shaun Heska - PK : Bryan Young, Alexei Emelin
Penalty Shots
Igor Radulov, Ryan Keller, Chris Bourque, Ryan Jones, Alexandre Bolduc
% Time on Ice - Blackdemons
Lines # - Real PCT - Wanted PCT - Time Play
Normal Forward
1 - 35% - 40% - 15:57
2 - 26% - 32% - 12:07
3 - 24% - 18% - 11:06
4 - 14% - 10% - 6:38
Normal Defense
1 - 38% - 35% - 17:17
2 - 32% - 30% - 14:40
3 - 25% - 25% - 11:23
4 - 5% - 10% - 2:28
PP Forward
1 - 55% - 55% - 2:27
2 - 45% - 45% - 2:02
PP Defense
1 - 61% - 60% - 2:43
2 - 39% - 40% - 1:46
PK Forward
1 - 90% - 60% - 6:12
2 - 10% - 40% - 0:43
PK Defense
1 - 63% - 60% - 4:21
2 - 37% - 40% - 2:34
PK3 Forward
1 - 88% - 60% - 0:43
2 - 12% - 40% - 0:06
PK3 Defense
1 - 69% - 60% - 0:34
2 - 31% - 40% - 0:15
44 Forward
1 - 82% - 60% - 5:43
2 - 18% - 40% - 1:16
44 Defense
1 - 64% - 60% - 4:30
2 - 36% - 40% - 2:29
Last Minute Offensive - 0:00
Last Minute Defensive - 0:00
Total
Forward - 65:00
Defense - 65:00
|
% Time on Ice - Gangsters
Lines # - Real PCT - Wanted PCT - Time Play
Normal Forward
1 - 34% - 40% - 15:27
2 - 27% - 30% - 12:09
3 - 25% - 20% - 11:39
4 - 14% - 10% - 6:33
Normal Defense
1 - 42% - 40% - 19:20
2 - 32% - 30% - 14:36
3 - 24% - 20% - 10:52
4 - 2% - 10% - 1:00
PP Forward
1 - 54% - 60% - 4:09
2 - 46% - 40% - 3:35
PP Defense
1 - 63% - 60% - 4:52
2 - 37% - 40% - 2:52
PK Forward
1 - 67% - 60% - 2:59
2 - 33% - 40% - 1:30
PK Defense
1 - 54% - 60% - 2:25
2 - 46% - 40% - 2:04
PK3 Forward
1 - 0% - 60%
2 - 0% - 40%
PK3 Defense
1 - 0% - 60%
2 - 0% - 40%
44 Forward
1 - 76% - 60% - 5:18
2 - 24% - 40% - 1:41
44 Defense
1 - 49% - 60% - 3:24
2 - 51% - 40% - 3:35
Last Minute Offensive - 0:00
Last Minute Defensive - 0:00
Total
Forward - 65:00
Defense - 65:00
|
Play by Play
1st period
0:01 of 1st period - Ryan Keller wins face-off versus Sam Gagner in neutral zone.
0:08 of 1st period - Wrist shot by Ryan Keller.
0:08 of 1st period - Stopped by Kevin Weekes without a rebound.
0:09 of 1st period - Antoine Roussel wins face-off versus Alexandre Bolduc in Blackdemons zone.
0:17 of 1st period - Off-side.
0:18 of 1st period - Artem Anisimov wins face-off versus Curtis Glencross in neutral zone.
0:25 of 1st period - Wrist shot by Ryan Jones.
0:25 of 1st period - Shot Misses the Net.
1:31 of 1st period - Snap shot by Antoine Roussel.
1:31 of 1st period - Stopped by David LeNeveu without a rebound.
1:32 of 1st period - Steven Zalewski wins face-off versus Artem Anisimov in Gangsters zone.
1:39 of 1st period - Wrist shot by Steven Zalewski.
1:39 of 1st period - Stopped by David LeNeveu with a rebound.
2:51 of 1st period - Icing by Alexei Emelin.
2:52 of 1st period - Sam Gagner wins face-off versus Maxime Sauvé in Gangsters zone.
3:17 of 1st period - Alexei Emelin is hit by Shawn Matthias and loses puck.
3:22 of 1st period - Snap shot by Curtis Glencross.
3:22 of 1st period - Stopped by David LeNeveu without a rebound.
3:23 of 1st period - Alexandre Bolduc wins face-off versus Shawn Matthias in Gangsters zone.
3:56 of 1st period - Snap shot by Antoine Roussel.
3:56 of 1st period - Stopped by David LeNeveu with a rebound.
4:00 of 1st period - Snap shot by Sam Gagner.
4:00 of 1st period - Shot Misses the Net.
4:41 of 1st period - Snap shot by Marc-André Cliche.
4:41 of 1st period - Stopped by David LeNeveu with a rebound.
4:43 of 1st period - Slapshot by Peter Harrold.
4:43 of 1st period - Deflect By Bryan Young.
4:43 of 1st period - Stopped by David LeNeveu with a rebound.
4:56 of 1st period - Off-side.
4:57 of 1st period - Sam Gagner wins face-off versus Artem Anisimov in neutral zone.
5:22 of 1st period - Staffan Kronwall is hit by Matt Hunwick and loses puck.
5:24 of 1st period - Minor Penalty to Brock Bradford for Tripping.
5:25 of 1st period - Antoine Roussel wins face-off versus Igor Radulov in Gangsters zone.
5:26 of 1st period - Wrist shot by Sam Gagner.
5:26 of 1st period - Deflect By Tomas Kopecky.
5:26 of 1st period - Shot Misses the Net.
5:26 of 1st period - Puck is out of play.
5:27 of 1st period - Sam Gagner wins face-off versus Igor Radulov in Gangsters zone.
7:24 of 1st period - Penalty to Brock Bradford is over, Brock Bradford is back on ice.
7:29 of 1st period - Staffan Kronwall is hit by Marc-André Cliche and loses puck.
7:46 of 1st period - Slapshot by Cory Murphy.
7:46 of 1st period - Deflect By Maxime Sauvé.
7:46 of 1st period - Stopped by Kevin Weekes without a rebound.
7:47 of 1st period - Maxime Sauvé wins face-off versus Steven Zalewski in Blackdemons zone.
7:50 of 1st period - Backhand shot by Maxime Sauvé.
7:50 of 1st period - Shot Misses the Net.
7:52 of 1st period - Slapshot by Bryan Young.
7:52 of 1st period - Shot Blocked by Michael Kostka.
7:54 of 1st period - Slapshot by Bryan Young.
7:54 of 1st period - Stopped by Kevin Weekes with a rebound.
7:56 of 1st period - Snap shot by Maxime Sauvé.
7:56 of 1st period - Stopped by Kevin Weekes without a rebound.
7:57 of 1st period - Ryan Keller wins face-off versus Sam Gagner in Blackdemons zone.
8:08 of 1st period - Snap shot by Ryan Keller.
8:08 of 1st period - Stopped by Kevin Weekes without a rebound.
8:09 of 1st period - Igor Radulov wins face-off versus Shawn Matthias in Blackdemons zone.
8:15 of 1st period - Minor Penalty to Alexandre Bolduc for Holding.
8:16 of 1st period - Ryan Keller wins face-off versus Sam Gagner in Gangsters zone.
8:41 of 1st period - Staffan Kronwall is hit by Enver Lisin and loses puck.
8:46 of 1st period - Wrist shot by Enver Lisin.
8:46 of 1st period - Goal by Enver Lisin - Blackdemons : 1 - Gangsters : 0.
8:47 of 1st period - Sam Gagner wins face-off versus Artem Anisimov in neutral zone.
8:50 of 1st period - Snap shot by Michael Kostka.
8:50 of 1st period - Stopped by David LeNeveu without a rebound.
8:51 of 1st period - Artem Anisimov wins face-off versus Sam Gagner in Gangsters zone.
8:51 of 1st period - Artem Anisimov is hit by Sam Gagner.
9:29 of 1st period - Slapshot by Nick Foligno.
9:29 of 1st period - Stopped by Kevin Weekes with a rebound.
9:34 of 1st period - Minor Penalty to Alexandre Bolduc for Hooking.
9:35 of 1st period - Igor Radulov wins face-off versus Shawn Matthias in Gangsters zone.
9:56 of 1st period - Wrist shot by Chris Bourque.
9:56 of 1st period - Shot Misses the Net.
11:34 of 1st period - Penalty to Alexandre Bolduc is over, Alexandre Bolduc is back on ice.
11:38 of 1st period - Slapshot by Igor Radulov.
11:38 of 1st period - Stopped by Kevin Weekes without a rebound.
11:39 of 1st period - Nick Foligno wins face-off versus Mike Duco in Blackdemons zone.
11:46 of 1st period - Slapshot by Brock Bradford.
11:46 of 1st period - Shot Misses the Net.
12:28 of 1st period - Wrist shot by Marc-André Cliche.
12:28 of 1st period - Shot Blocked by Bryan Young.
12:30 of 1st period - Slapshot by Peter Harrold.
12:30 of 1st period - Shot Misses the Net.
12:32 of 1st period - Slapshot by Jakub Kindl.
12:32 of 1st period - Stopped by David LeNeveu with a rebound.
12:40 of 1st period - Icing by Peter Harrold.
12:41 of 1st period - Zach Boychuk wins face-off versus Alexandre Bolduc in Blackdemons zone.
12:41 of 1st period - Zach Boychuk is hit by Ryan Keller.
12:50 of 1st period - Slapshot by Peter Harrold.
12:50 of 1st period - Shot Blocked by Ryan Keller.
13:04 of 1st period - Slapshot by Zach Boychuk.
13:04 of 1st period - Stopped by David LeNeveu without a rebound.
13:05 of 1st period - Artem Anisimov wins face-off versus Shawn Matthias in Gangsters zone.
13:30 of 1st period - Brock Bradford is hit by Jakub Kindl and loses puck.
14:00 of 1st period - Snap shot by Igor Radulov.
14:00 of 1st period - Shot Misses the Net.
14:36 of 1st period - Snap shot by Phil McRae.
14:36 of 1st period - Stopped by Kevin Weekes with a rebound.
15:00 of 1st period - Backhand shot by Nick Foligno.
15:00 of 1st period - Shot Misses the Net.
15:18 of 1st period - Snap shot by Chris Bourque.
15:18 of 1st period - Deflect By Ryan Jones.
15:18 of 1st period - Shot Misses the Net.
15:18 of 1st period - Puck is out of play.
15:19 of 1st period - Ryan Jones wins face-off versus Marc-André Cliche in Blackdemons zone.
15:20 of 1st period - Slapshot by Chris Bourque.
15:20 of 1st period - Deflect By Ryan Jones.
15:20 of 1st period - Stopped by Kevin Weekes with a rebound.
15:22 of 1st period - Snap shot by Artem Anisimov.
15:22 of 1st period - Shot Misses the Net.
15:24 of 1st period - Snap shot by Chris Bourque.
15:24 of 1st period - Stopped by Kevin Weekes with a rebound.
15:26 of 1st period - Snap shot by Ryan Jones.
15:26 of 1st period - Shot Misses the Net.
15:30 of 1st period - Wrist shot by Chris Bourque.
15:30 of 1st period - Shot Blocked by Michael Kostka.
15:32 of 1st period - Wrist shot by Ryan Jones.
15:32 of 1st period - Stopped by Kevin Weekes without a rebound.
15:33 of 1st period - Alexandre Bolduc wins face-off versus Shawn Matthias in Blackdemons zone.
15:34 of 1st period - Snap shot by Igor Radulov.
15:34 of 1st period - Shot Blocked by Jakub Kindl.
15:42 of 1st period - Snap shot by Igor Radulov.
15:42 of 1st period - Shot Blocked by Curtis Glencross.
15:44 of 1st period - Wrist shot by Igor Radulov.
15:44 of 1st period - Shot Blocked by Curtis Glencross.
16:25 of 1st period - Wrist shot by Matt Calvert.
16:25 of 1st period - Stopped by David LeNeveu with a rebound.
16:27 of 1st period - Slapshot by Jakub Kindl.
16:27 of 1st period - Stopped by David LeNeveu with a rebound.
16:29 of 1st period - Snap shot by Steven Zalewski.
16:29 of 1st period - Shot Blocked by Brock Bradford.
16:31 of 1st period - Slapshot by Michael Kostka.
16:31 of 1st period - Shot Misses the Net.
16:33 of 1st period - Slapshot by Michael Kostka.
16:33 of 1st period - Deflect By Matt Calvert.
16:33 of 1st period - Stopped by David LeNeveu with a rebound.
16:51 of 1st period - Snap shot by Zach Boychuk.
16:51 of 1st period - Shot Blocked by Alexei Emelin.
16:53 of 1st period - Slapshot by Peter Harrold.
16:53 of 1st period - Deflect By Marc-André Cliche.
16:53 of 1st period - Shot Misses the Net.
16:53 of 1st period - Puck is out of play.
16:54 of 1st period - Alexandre Bolduc wins face-off versus Sam Gagner in Gangsters zone.
16:58 of 1st period - Off-side.
16:59 of 1st period - Alexandre Bolduc wins face-off versus Sam Gagner in neutral zone.
17:02 of 1st period - Slapshot by Cory Murphy.
17:02 of 1st period - Shot Misses the Net.
17:04 of 1st period - Snap shot by Igor Radulov.
17:04 of 1st period - Stopped by Kevin Weekes with a rebound.
17:06 of 1st period - Snap shot by Ryan Keller.
17:06 of 1st period - Stopped by Kevin Weekes with a rebound.
17:07 of 1st period - Minor Penalty to Sam Gagner for Roughing.
17:08 of 1st period - Curtis Glencross wins face-off versus Alexandre Bolduc in Blackdemons zone.
18:17 of 1st period - Minor Penalty to Antoine Roussel for High sticking.
18:18 of 1st period - Tomas Kopecky wins face-off versus Artem Anisimov in Blackdemons zone.
18:29 of 1st period - Wrist shot by Tomas Kopecky.
18:29 of 1st period - Shot Misses the Net.
19:07 of 1st period - Penalty to Sam Gagner is over, Sam Gagner is back on ice.
2nd period
0:01 of 2nd period - Alexandre Bolduc wins face-off versus Curtis Glencross in neutral zone.
0:17 of 2nd period - Penalty to Antoine Roussel is over, Antoine Roussel is back on ice.
0:26 of 2nd period - Shawn Belle is hit by Chris Bourque and loses puck.
1:25 of 2nd period - Shawn Matthias is hit by Alexandre Bolduc and loses puck.
2:05 of 2nd period - Off-side.
2:06 of 2nd period - Steven Zalewski wins face-off versus Brock Bradford in neutral zone.
2:16 of 2nd period - Icing by Peter Harrold.
2:17 of 2nd period - Steven Zalewski wins face-off versus Alexandre Bolduc in Blackdemons zone.
2:40 of 2nd period - Slapshot by Andrew MacDonald.
2:40 of 2nd period - Deflect By Matt Calvert.
2:40 of 2nd period - Stopped by David LeNeveu with a rebound.
3:10 of 2nd period - Slapshot by Brock Bradford.
3:10 of 2nd period - Stopped by Kevin Weekes with a rebound.
3:12 of 2nd period - Wrist shot by Nick Foligno.
3:12 of 2nd period - Stopped by Kevin Weekes without a rebound.
3:13 of 2nd period - Sam Gagner wins face-off versus Alexandre Bolduc in Blackdemons zone.
4:44 of 2nd period - Slapshot by Ryan Keller.
4:44 of 2nd period - Stopped by Kevin Weekes without a rebound.
4:45 of 2nd period - Sam Gagner wins face-off versus Alexandre Bolduc in Blackdemons zone.
4:52 of 2nd period - Slapshot by Alexei Emelin.
4:52 of 2nd period - Stopped by Kevin Weekes with a rebound.
5:06 of 2nd period - Tomas Kopecky is hit by Alexandre Bolduc and loses puck.
5:33 of 2nd period - Slapshot by Ryan Jones.
5:33 of 2nd period - Shot Misses the Net.
5:39 of 2nd period - Wrist shot by Ryan Jones.
5:39 of 2nd period - Stopped by Kevin Weekes without a rebound.
5:40 of 2nd period - Brock Bradford wins face-off versus Sam Gagner in Blackdemons zone.
6:06 of 2nd period - Off-side.
6:07 of 2nd period - Shawn Matthias wins face-off versus Artem Anisimov in neutral zone.
6:18 of 2nd period - Wrist shot by Chris Bourque.
6:18 of 2nd period - Shot Blocked by Andrew MacDonald.
6:32 of 2nd period - Ryan Keller is hit by Enver Lisin and loses puck.
6:53 of 2nd period - Snap shot by Nick Foligno.
6:53 of 2nd period - Goal by Nick Foligno - Blackdemons : 1 - Gangsters : 1.
6:54 of 2nd period - Alexandre Bolduc wins face-off versus Shawn Matthias in neutral zone.
7:21 of 2nd period - Wrist shot by Sam Gagner.
7:21 of 2nd period - Deflect By Antoine Roussel.
7:21 of 2nd period - Stopped by David LeNeveu without a rebound.
7:22 of 2nd period - Artem Anisimov wins face-off versus Sam Gagner in Gangsters zone.
7:33 of 2nd period - Snap shot by Ryan Jones.
7:33 of 2nd period - Stopped by Kevin Weekes with a rebound.
7:35 of 2nd period - Snap shot by Chris Bourque.
7:35 of 2nd period - Goal by Chris Bourque - Blackdemons : 1 - Gangsters : 2.
7:36 of 2nd period - Alexandre Bolduc wins face-off versus Shawn Matthias in neutral zone.
7:44 of 2nd period - Minor Penalty to Shawn Matthias for Goalie Interference.
7:45 of 2nd period - Alexandre Bolduc wins face-off versus Curtis Glencross in Blackdemons zone.
7:50 of 2nd period - Snap shot by Alexandre Bolduc.
7:50 of 2nd period - Goal by Alexandre Bolduc - Blackdemons : 1 - Gangsters : 3.
7:51 of 2nd period - Alexandre Bolduc wins face-off versus Sam Gagner in neutral zone.
8:17 of 2nd period - Shawn Belle is hit by Chris Bourque and loses puck.
8:38 of 2nd period - Wrist shot by Marc-André Cliche.
8:38 of 2nd period - Shot Misses the Net.
8:44 of 2nd period - Wrist shot by Zach Boychuk.
8:44 of 2nd period - Stopped by David LeNeveu without a rebound.
8:45 of 2nd period - Sam Gagner wins face-off versus Alexandre Bolduc in Gangsters zone.
8:46 of 2nd period - Wrist shot by Enver Lisin.
8:46 of 2nd period - Goal by Enver Lisin - Blackdemons : 2 - Gangsters : 3.
8:47 of 2nd period - Sam Gagner wins face-off versus Alexandre Bolduc in neutral zone.
9:13 of 2nd period - Matt Hunwick is hit by Nick Foligno and loses puck.
10:18 of 2nd period - Icing by Zach Boychuk.
10:19 of 2nd period - Steven Zalewski wins face-off versus Maxime Sauvé in Blackdemons zone.
10:19 of 2nd period - Steven Zalewski is hit by Phil McRae.
11:33 of 2nd period - Backhand shot by Marc-André Cliche.
11:33 of 2nd period - Shot Misses the Net.
11:35 of 2nd period - Slapshot by Shawn Belle.
11:35 of 2nd period - Shot Blocked by Bryan Young.
11:37 of 2nd period - Wrist shot by Mike Duco.
11:37 of 2nd period - Shot Misses the Net.
11:39 of 2nd period - Wrist shot by Marc-André Cliche.
11:39 of 2nd period - Shot Blocked by Shaun Heska.
11:41 of 2nd period - Slapshot by Matt Hunwick.
11:41 of 2nd period - Stopped by David LeNeveu with a rebound.
11:43 of 2nd period - Slapshot by Matt Hunwick.
11:43 of 2nd period - Stopped by David LeNeveu without a rebound.
11:44 of 2nd period - Alexandre Bolduc wins face-off versus Shawn Matthias in Gangsters zone.
11:55 of 2nd period - Wrist shot by Igor Radulov.
11:55 of 2nd period - Goal by Igor Radulov - Blackdemons : 2 - Gangsters : 4.
11:56 of 2nd period - Sam Gagner wins face-off versus Alexandre Bolduc in neutral zone.
12:31 of 2nd period - Slapshot by Staffan Kronwall.
12:31 of 2nd period - Stopped by Kevin Weekes with a rebound.
12:33 of 2nd period - Snap shot by Artem Anisimov.
12:33 of 2nd period - Shot Blocked by Michael Kostka.
13:11 of 2nd period - Slapshot by Ville Koistinen.
13:11 of 2nd period - Stopped by Kevin Weekes without a rebound.
13:12 of 2nd period - Alexandre Bolduc wins face-off versus Steven Zalewski in Blackdemons zone.
13:19 of 2nd period - Wrist shot by Igor Radulov.
13:19 of 2nd period - Shot Blocked by Andrew MacDonald.
13:49 of 2nd period - Wrist shot by Alexandre Bolduc.
13:49 of 2nd period - Stopped by Kevin Weekes without a rebound.
13:50 of 2nd period - Artem Anisimov wins face-off versus Sam Gagner in Blackdemons zone.
13:57 of 2nd period - Slapshot by Cory Murphy.
13:57 of 2nd period - Stopped by Kevin Weekes without a rebound.
13:58 of 2nd period - Sam Gagner wins face-off versus Chris Bourque in Blackdemons zone.
14:13 of 2nd period - Wrist shot by Antoine Roussel.
14:13 of 2nd period - Shot Misses the Net.
15:09 of 2nd period - Snap shot by Zach Boychuk.
15:09 of 2nd period - Stopped by David LeNeveu without a rebound.
15:10 of 2nd period - Marc-André Cliche wins face-off versus Maxime Sauvé in Gangsters zone.
15:15 of 2nd period - Snap shot by Marc-André Cliche.
15:15 of 2nd period - Stopped by David LeNeveu with a rebound.
15:17 of 2nd period - Slapshot by Mike Duco.
15:17 of 2nd period - Stopped by David LeNeveu with a rebound.
15:19 of 2nd period - Snap shot by Zach Boychuk.
15:19 of 2nd period - Stopped by David LeNeveu with a rebound.
15:21 of 2nd period - Slapshot by Michael Kostka.
15:21 of 2nd period - Stopped by David LeNeveu without a rebound.
15:22 of 2nd period - Alexandre Bolduc wins face-off versus Sam Gagner in Gangsters zone.
15:27 of 2nd period - Enver Lisin is hit by Alexei Emelin and loses puck.
16:13 of 2nd period - Matt Hunwick is hit by Brock Bradford and loses puck.
16:32 of 2nd period - Icing by Bryan Young.
16:33 of 2nd period - Sam Gagner wins face-off versus Maxime Sauvé in Gangsters zone.
16:42 of 2nd period - Slapshot by Sam Gagner.
16:42 of 2nd period - Shot Misses the Net.
16:44 of 2nd period - Wrist shot by Enver Lisin.
16:44 of 2nd period - Stopped by David LeNeveu without a rebound.
16:45 of 2nd period - Alexandre Bolduc wins face-off versus Sam Gagner in Gangsters zone.
16:52 of 2nd period - Snap shot by Ryan Keller.
16:52 of 2nd period - Shot Blocked by Andrew MacDonald.
17:00 of 2nd period - Snap shot by Antoine Roussel.
17:00 of 2nd period - Stopped by David LeNeveu without a rebound.
17:01 of 2nd period - Artem Anisimov wins face-off versus Shawn Matthias in Gangsters zone.
17:01 of 2nd period - Artem Anisimov is hit by Tomas Kopecky.
17:30 of 2nd period - Off-side.
17:31 of 2nd period - Sam Gagner wins face-off versus Alexandre Bolduc in neutral zone.
17:34 of 2nd period - Snap shot by Enver Lisin.
17:34 of 2nd period - Shot Misses the Net.
18:01 of 2nd period - Slapshot by Ryan Keller.
18:01 of 2nd period - Shot Misses the Net.
18:03 of 2nd period - Snap shot by Alexei Emelin.
18:03 of 2nd period - Stopped by Kevin Weekes with a rebound.
18:05 of 2nd period - Slapshot by Alexei Emelin.
18:05 of 2nd period - Stopped by Kevin Weekes with a rebound.
18:33 of 2nd period - Snap shot by Ryan Keller.
18:33 of 2nd period - Stopped by Kevin Weekes without a rebound.
18:34 of 2nd period - Shawn Matthias wins face-off versus Artem Anisimov in Blackdemons zone.
18:40 of 2nd period - Double Minor Penalty to Curtis Glencross for High sticking.
18:41 of 2nd period - Shawn Matthias wins face-off versus Artem Anisimov in Blackdemons zone.
3rd period
0:01 of 3rd period - Shawn Matthias wins face-off versus Igor Radulov in neutral zone.
0:56 of 3rd period - Snap shot by Cory Murphy.
0:56 of 3rd period - Stopped by Kevin Weekes with a rebound.
2:05 of 3rd period - Marc-André Cliche is hit by Staffan Kronwall.
2:09 of 3rd period - Alexei Emelin is hit by Marc-André Cliche and loses puck.
2:40 of 3rd period - Penalty to Curtis Glencross is over, Curtis Glencross is back on ice.
3:16 of 3rd period - Slapshot by Peter Harrold.
3:16 of 3rd period - Deflect By Mike Duco.
3:16 of 3rd period - Shot Blocked by Bryan Young.
3:16 of 3rd period - Puck is out of play.
3:17 of 3rd period - Brock Bradford wins face-off versus Marc-André Cliche in Gangsters zone.
3:22 of 3rd period - Slapshot by Ville Koistinen.
3:22 of 3rd period - Stopped by Kevin Weekes with a rebound.
3:42 of 3rd period - Andrew MacDonald is hit by Ryan Jones and loses puck.
4:05 of 3rd period - Snap shot by Jakub Kindl.
4:05 of 3rd period - Shot Misses the Net.
4:33 of 3rd period - Bryan Young is hit by Sam Gagner and loses puck.
5:42 of 3rd period - Wrist shot by Sam Gagner.
5:42 of 3rd period - Goal by Sam Gagner - Blackdemons : 3 - Gangsters : 4.
5:43 of 3rd period - Shawn Matthias wins face-off versus Alexandre Bolduc in neutral zone.
6:08 of 3rd period - Enver Lisin is hit by Ryan Jones and loses puck.
6:28 of 3rd period - Off-side.
6:29 of 3rd period - Marc-André Cliche wins face-off versus Brock Bradford in neutral zone.
6:53 of 3rd period - Off-side.
6:54 of 3rd period - Shawn Matthias wins face-off versus Alexandre Bolduc in neutral zone.
7:20 of 3rd period - Artem Anisimov is hit by Antoine Roussel.
7:44 of 3rd period - Slapshot by Mikko Lehtonen.
7:44 of 3rd period - Deflect By Brock Bradford.
7:44 of 3rd period - Shot Blocked by Zach Boychuk.
7:44 of 3rd period - Puck is out of play.
7:45 of 3rd period - Brock Bradford wins face-off versus Shawn Matthias in Blackdemons zone.
9:11 of 3rd period - Snap shot by Tomas Kopecky.
9:11 of 3rd period - Stopped by David LeNeveu with a rebound.
9:52 of 3rd period - Minor Penalty to Ville Koistinen for Interference.
9:52 of 3rd period - Minor Penalty to Jakub Kindl for Tripping.
9:53 of 3rd period - Enver Lisin wins face-off versus Igor Radulov in neutral zone.
10:04 of 3rd period - Snap shot by Antoine Roussel.
10:04 of 3rd period - Stopped by David LeNeveu without a rebound.
10:05 of 3rd period - Igor Radulov wins face-off versus Enver Lisin in Gangsters zone.
10:10 of 3rd period - Snap shot by Igor Radulov.
10:10 of 3rd period - Shot Misses the Net.
10:12 of 3rd period - Slapshot by Shaun Heska.
10:12 of 3rd period - Stopped by Kevin Weekes with a rebound.
10:14 of 3rd period - Slapshot by Shaun Heska.
10:14 of 3rd period - Shot Blocked by Peter Harrold.
10:16 of 3rd period - Slapshot by Alexei Emelin.
10:16 of 3rd period - Deflect By Igor Radulov.
10:16 of 3rd period - Shot Blocked by Andrew MacDonald.
10:16 of 3rd period - Puck is out of play.
10:17 of 3rd period - Enver Lisin wins face-off versus Igor Radulov in Blackdemons zone.
10:28 of 3rd period - Snap shot by Igor Radulov.
10:28 of 3rd period - Shot Hit the Post.
10:57 of 3rd period - Icing by Andrew MacDonald.
10:58 of 3rd period - Curtis Glencross wins face-off versus Chris Bourque in Blackdemons zone.
11:52 of 3rd period - Penalty to Ville Koistinen is over, Ville Koistinen is back on ice.
11:52 of 3rd period - Penalty to Jakub Kindl is over, Jakub Kindl is back on ice.
11:58 of 3rd period - Slapshot by Michael Kostka.
11:58 of 3rd period - Stopped by David LeNeveu without a rebound.
11:59 of 3rd period - Shawn Matthias wins face-off versus Brock Bradford in Gangsters zone.
12:28 of 3rd period - Icing by Matt Hunwick.
12:29 of 3rd period - Marc-André Cliche wins face-off versus Artem Anisimov in Blackdemons zone.
13:08 of 3rd period - Mike Duco is hit by Ryan Jones and loses puck.
13:14 of 3rd period - Off-side.
13:15 of 3rd period - Sam Gagner wins face-off versus Alexandre Bolduc in neutral zone.
13:41 of 3rd period - Curtis Glencross is hit by Brock Bradford and loses puck.
14:07 of 3rd period - Alexei Emelin is hit by Frazer Mclaren and loses puck.
14:23 of 3rd period - Off-side.
14:24 of 3rd period - Ryan Keller wins face-off versus Sam Gagner in neutral zone.
14:32 of 3rd period - Snap shot by Alexandre Bolduc.
14:32 of 3rd period - Stopped by Kevin Weekes with a rebound.
14:34 of 3rd period - Backhand shot by Ryan Keller.
14:34 of 3rd period - Shot Misses the Net.
14:36 of 3rd period - Wrist shot by Cory Murphy.
14:36 of 3rd period - Stopped by Kevin Weekes with a rebound.
14:38 of 3rd period - Wrist shot by Igor Radulov.
14:38 of 3rd period - Stopped by Kevin Weekes with a rebound.
14:40 of 3rd period - Snap shot by Igor Radulov.
14:40 of 3rd period - Shot Misses the Net.
14:57 of 3rd period - Wrist shot by Chris Bourque.
14:57 of 3rd period - Shot Blocked by Matt Hunwick.
14:59 of 3rd period - Slapshot by Shaun Heska.
14:59 of 3rd period - Shot Misses the Net.
15:15 of 3rd period - Snap shot by Cory Murphy.
15:15 of 3rd period - Shot Misses the Net.
15:41 of 3rd period - Michael Kostka is hit by Maxime Sauvé and loses puck.
16:16 of 3rd period - Slapshot by Shaun Heska.
16:16 of 3rd period - Shot Misses the Net.
16:18 of 3rd period - Wrist shot by Ryan Keller.
16:18 of 3rd period - Stopped by Kevin Weekes with a rebound.
16:20 of 3rd period - Wrist shot by Ryan Keller.
16:20 of 3rd period - Shot Blocked by Andrew MacDonald.
16:22 of 3rd period - Wrist shot by Ryan Keller.
16:22 of 3rd period - Stopped by Kevin Weekes with a rebound.
16:24 of 3rd period - Snap shot by Alexandre Bolduc.
16:24 of 3rd period - Shot Blocked by Andrew MacDonald.
16:26 of 3rd period - Wrist shot by Igor Radulov.
16:26 of 3rd period - Shot Misses the Net.
16:30 of 3rd period - Wrist shot by Igor Radulov.
16:30 of 3rd period - Stopped by Kevin Weekes with a rebound.
16:46 of 3rd period - Snap shot by Curtis Glencross.
16:46 of 3rd period - Goal by Curtis Glencross - Blackdemons : 4 - Gangsters : 4.
16:47 of 3rd period - Antoine Roussel wins face-off versus Brock Bradford in neutral zone.
16:54 of 3rd period - Off-side.
16:55 of 3rd period - Brock Bradford wins face-off versus Sam Gagner in neutral zone.
17:01 of 3rd period - Icing by Jakub Kindl.
17:02 of 3rd period - Brock Bradford wins face-off versus Sam Gagner in Blackdemons zone.
17:03 of 3rd period - Snap shot by Mikko Lehtonen.
17:03 of 3rd period - Shot Blocked by Michael Kostka.
17:49 of 3rd period - Slapshot by Jakub Kindl.
17:49 of 3rd period - Goal by Jakub Kindl - Blackdemons : 5 - Gangsters : 4.
17:50 of 3rd period - Brock Bradford wins face-off versus Sam Gagner in neutral zone.
17:52 of 3rd period - Off-side.
17:53 of 3rd period - Brock Bradford wins face-off versus Sam Gagner in neutral zone.
18:21 of 3rd period - Minor Penalty to Mike Duco for High sticking.
18:22 of 3rd period - Alexandre Bolduc wins face-off versus Curtis Glencross in Blackdemons zone.
18:51 of 3rd period - Slapshot by Ville Koistinen.
18:51 of 3rd period - Goal by Ville Koistinen - Blackdemons : 5 - Gangsters : 5.
18:52 of 3rd period - Marc-André Cliche wins face-off versus Brock Bradford in neutral zone.
19:01 of 3rd period - Snap shot by Mike Duco.
19:01 of 3rd period - Deflect By Marc-André Cliche.
19:01 of 3rd period - Shot Misses the Net.
19:01 of 3rd period - Puck is out of play.
19:02 of 3rd period - Brock Bradford wins face-off versus Marc-André Cliche in Gangsters zone.
19:02 of 3rd period - Brock Bradford is hit by Andrew MacDonald.
19:16 of 3rd period - Snap shot by Mikko Lehtonen.
19:16 of 3rd period - Shot Misses the Net.
19:18 of 3rd period - Slapshot by Cory Murphy.
19:18 of 3rd period - Shot Blocked by Andrew MacDonald.
19:20 of 3rd period - Slapshot by Staffan Kronwall.
19:20 of 3rd period - Deflect By Michael Kostka.
19:20 of 3rd period - Stopped by Kevin Weekes with a rebound.
19:32 of 3rd period - Wrist shot by Cory Murphy.
19:32 of 3rd period - Stopped by Kevin Weekes without a rebound.
19:33 of 3rd period - Artem Anisimov wins face-off versus Shawn Matthias in Blackdemons zone.
Overtime #1
0:01 of 1st overtime period - Enver Lisin wins face-off versus Igor Radulov in neutral zone.
1:53 of 1st overtime period - Matt Hunwick is hit by Ville Koistinen.
1:54 of 1st overtime period - Icing by Matt Hunwick.
1:55 of 1st overtime period - Marc-André Cliche wins face-off versus Mikko Lehtonen in Blackdemons zone.
2:09 of 1st overtime period - Cory Murphy is hit by Jakub Kindl and loses puck.
2:49 of 1st overtime period - Chris Bourque is hit by Tomas Kopecky and loses puck.
3:25 of 1st overtime period - Igor Radulov is hit by Antoine Roussel and loses puck.
3:49 of 1st overtime period - Snap shot by Cory Murphy.
3:49 of 1st overtime period - Stopped by Kevin Weekes without a rebound.
3:50 of 1st overtime period - Igor Radulov wins face-off versus Sam Gagner in Blackdemons zone.
4:55 of 1st overtime period - Enver Lisin is hit by Alexei Emelin.
ShootOut
5:00 of 1st overtime period - Penalty Shot by Enver Lisin for Blackdemons.
5:00 of 1st overtime period - Snap shot by Enver Lisin.
5:00 of 1st overtime period - Shot Misses the Net.
5:00 of 1st overtime period - Penalty Shot by Igor Radulov for Gangsters.
5:00 of 1st overtime period - Snap shot by Igor Radulov.
5:00 of 1st overtime period - Stopped by Kevin Weekes.
5:00 of 1st overtime period - Penalty Shot by Curtis Glencross for Blackdemons.
5:00 of 1st overtime period - Snap shot by Curtis Glencross.
5:00 of 1st overtime period - Stopped by David LeNeveu.
5:00 of 1st overtime period - Penalty Shot by Ryan Keller for Gangsters.
5:00 of 1st overtime period - Snap shot by Ryan Keller.
5:00 of 1st overtime period - Shot Misses the Net.
5:00 of 1st overtime period - Penalty Shot by Tomas Kopecky for Blackdemons.
5:00 of 1st overtime period - Deke by Tomas Kopecky.
5:00 of 1st overtime period - Stopped by David LeNeveu.
5:00 of 1st overtime period - Penalty Shot by Chris Bourque for Gangsters.
5:00 of 1st overtime period - Backhand shot by Chris Bourque.
5:00 of 1st overtime period - Stopped by Kevin Weekes.
5:00 of 1st overtime period - Penalty Shot by Shawn Matthias for Blackdemons.
5:00 of 1st overtime period - Wrist shot by Shawn Matthias.
5:00 of 1st overtime period - Shot Misses the Net.
5:00 of 1st overtime period - Penalty Shot by Ryan Jones for Gangsters.
5:00 of 1st overtime period - Deke by Ryan Jones.
5:00 of 1st overtime period - Stopped by Kevin Weekes.
5:00 of 1st overtime period - Penalty Shot by Antoine Roussel for Blackdemons.
5:00 of 1st overtime period - Snap shot by Antoine Roussel.
5:00 of 1st overtime period - Stopped by David LeNeveu.
5:00 of 1st overtime period - Penalty Shot by Alexandre Bolduc for Gangsters.
5:00 of 1st overtime period - Snap shot by Alexandre Bolduc.
5:00 of 1st overtime period - Stopped by Kevin Weekes.
5:00 of 1st overtime period - Penalty Shot by Shawn Belle for Blackdemons.
5:00 of 1st overtime period - Wrist shot by Shawn Belle.
5:00 of 1st overtime period - Stopped by David LeNeveu.
5:00 of 1st overtime period - Penalty Shot by Cory Murphy for Gangsters.
5:00 of 1st overtime period - Wrist shot by Cory Murphy.
5:00 of 1st overtime period - Stopped by Kevin Weekes.
5:00 of 1st overtime period - Penalty Shot by Jakub Kindl for Blackdemons.
5:00 of 1st overtime period - Snap shot by Jakub Kindl.
5:00 of 1st overtime period - Stopped by David LeNeveu.
5:00 of 1st overtime period - Penalty Shot by Nick Foligno for Gangsters.
5:00 of 1st overtime period - Snap shot by Nick Foligno.
5:00 of 1st overtime period - Goal by Nick Foligno.
Output by the SimonT Hockey Simulator (STHS) for François Prévost -- Original Page W3C XHTML 1.0 Valid